 Dungeon Crawl Stone Soup version 0.24-a0-375-g4de66ed42b (webtiles) character file.

Game seed: 5415993190475304354

45425 theanonym the Thaumaturge (level 14, -4/110 HPs)
             Began as a Mummy Air Elementalist on May 31, 2019.
             Was a High Priest of Vehumet.
             Slain by Rupert
             ... wielding a +2 great mace of protection
              (29 damage)
             ... on level 12 of the Dungeon.
             The game lasted 01:09:41 (31552 turns).

theanonym the Thaumaturge (Mummy Air Elementalist) Turns: 31552, Time: 01:09:42

Health: -4/110     AC: 12    Str: 17    XL:     14   Next: 1%
Magic:  2/29       EV: 14    Int: 18    God:    Vehumet [*****.]
Gold:   327        SH:  5    Dex: 15    Spells: 3/35 levels left

rFire    x . .     SeeInvis .   G - staff of air
rCold    + . .     Gourm    .   x - +0 buckler
rNeg     + + +     Faith    +   e - +0 leather armour
rPois    ∞         Spirit   .   o - +2 hat
rElec    +         Reflect  .   h - +1 cloak
rCorr    +         Harm     .   l - +0 pair of gloves
MR       +....                  j - +2 pair of boots
Stlth    ++........             p - amulet "Iggesas" {Faith Str+5}
HPRegen  0.28/turn              u - +2 ring of evasion
MPRegen  0.21/turn              z - ring "Zumaw" {rPois rCorr Dex+2}

@: no status effects
A: no food or potions, fire vulnerability, cold resistance 1, negative energy
resistance 3, torment resistance, unbreathing, in touch with death 1
a: Renounce Religion


Innate Abilities, Weirdness & Mutations

You do not eat or drink.
Your flesh is vulnerable to fire.
You are immune to poison.
Your flesh is cold resistant. (rC+)
You are immune to negative energy. (rN+++)
You are immune to unholy pain and torment.
You can survive without breathing.
You are in touch with the powers of death.


   Skills:
 - Level 10.0 Fighting
 + Level 4.7 Armour
 - Level 1.5 Dodging
 - Level 1.5 Stealth
 - Level 4.0 Shields
 + Level 11.2 Spellcasting
 - Level 10.0 Conjurations
 * Level 8.4 Ice Magic
 - Level 10.0 Air Magic
 - Level 2.0 Poison Magic


You had 3 spell levels left.
You knew the following spells:

 Your Spells              Type           Power        Failure   Level  Hunger
a - Throw Icicle          Conj/Ice       #####...     1%          4    N/A
d - Lightning Bolt        Conj/Air       ######....   1%          5    N/A
e - Airstrike             Air            ######....   1%          4    N/A
f - Bolt of Cold          Conj/Ice       #####.....   8%          6    N/A
j - Ozocubu's Refrigerat  Ice            #####.....   11%         6    N/A
p - Olgreb's Toxic Radia  Pois           ###.....     10%         4    N/A
q - Apportation           Tloc           ##....       9%          1    N/A
s - Swiftness             Chrm/Air       #####...     1%          2    N/A

Your spell library contained the following spells:

 Spells                   Type           Power        Failure   Level  Hunger
 Orb of Destruction       Conj           #####.....   28%         7    N/A
 Magic Dart               Conj           ####         1%          1    N/A
 Shock                    Conj/Air       ####         1%          1    N/A
 Conjure Flame            Conj/Fire      ####....     1%          3    N/A
 Dazzling Spray           Conj/Hex       ####..       1%          3    N/A
 Mephitic Cloud           Conj/Pois/Air  ######..     1%          3    N/A
 Static Discharge         Conj/Air       ######..     1%          3    N/A
 Sandblast                Erth           ##....       2%          1    N/A
 Ensorcelled Hibernation  Hex/Ice        ####..       2%          2    N/A
 Ozocubu's Armour         Chrm/Ice       ####....     4%          3    N/A
 Animate Skeleton         Necr           N/A          9%          1    N/A
 Confusing Touch          Hex            ##....       9%          1    N/A
 Corona                   Hex            ##.....      9%          1    N/A
 Infusion                 Chrm           ##..         9%          1    N/A
 Summon Small Mammal      Summ           ##..         9%          1    N/A
 Blink                    Tloc           N/A          13%         2    N/A
 Call Imp                 Summ           ##......     13%         2    N/A
 Passwall                 Tmut/Erth      ##......     13%         2    N/A
 Shroud of Golubria       Chrm/Tloc      ##........   13%         2    N/A
 Slow                     Hex            ##......     13%         2    N/A
 Song of Slaying          Chrm           ##......     13%         2    N/A
 Confuse                  Hex            ##......     26%         3    N/A
 Spectral Weapon          Hex/Chrm       ##......     26%         3    N/A
 Tukima's Dance           Hex            ##......     26%         3    N/A
 Silence                  Hex/Air        #####.....   30%         5    N/A
 Yara's Violent Unravell  Hex/Tmut       ##........   50%         5    N/A
 Cause Fear               Hex            ##........   63%         4    N/A
 Deflect Missiles         Chrm/Air       #####.....   86%         6    N/A
 Discord                  Hex            ##........   100%        8    N/A
 Regeneration             Chrm/Necr      Unusable     N/A         3    N/A

Skill      XL: |  1  2  3  4  5  6  7  8  9 10 11 12 13 |
---------------+----------------------------------------+-----
Conjurations   | 1 2 3 4 5 6 7 8 10 | 10.0
Spellcasting   | 3 4 5 6 7 9 10 11 | 11.2
Air Magic      | 3 4 5 7 8 9 10 | 10.0
Fighting       | 4 6 8 10 | 10.0
Armour         | 1 4 |  4.7
Ice Magic      | 2 5 8 |  8.4
Shields        | 1 4 |  4.0
Poison Magic   | 2 |  2.0
Dodging        | |  1.5
Stealth        | |  1.5

Action                   |  1- 3 |  4- 6 |  7- 9 | 10-12 | 13-15 || total
-------------------------+-------+-------+-------+-------+-------++-------
Melee: Dagger            |     7 |       |       |       |       ||     7
       Whip              |     3 |    38 |    22 |    10 |     3 ||    76
       Staff             |       |       |     3 |     7 |     4 ||    14
Throw: Throwing net      |       |       |       |       |     1 ||     1
 Cast: Shock             |    64 |    82 |   181 |    75 |    30 ||   432
       Static Discharge  |       |     6 |     6 |    29 |    10 ||    51
       Airstrike         |       |       |    68 |   466 |   103 ||   637
       Swiftness         |       |       |     1 |     4 |     3 ||     8
       Lightning Bolt    |       |       |     1 |    47 |   123 ||   171
       Throw Icicle      |       |       |       |       |    17 ||    17
       Apportation       |       |       |       |       |     3 ||     3
       Olgreb's Toxic Ra |       |       |       |       |     2 ||     2
       Ozocubu's Refrige |       |       |       |       |     1 ||     1
Evoke: Wand              |       |       |       |    18 |     6 ||    24
       Lamp of fire      |       |       |       |     1 |     1 ||     2
       Phial of floods   |       |       |       |     1 |     1 ||     2
       Lightning rod     |       |       |       |       |     2 ||     2
  Use: Scroll            |       |     5 |    11 |     9 |     7 ||    32
Armor: Robe              |     2 |       |       |       |       ||     2
       Leather armour    |     7 |    15 |    25 |    98 |    34 ||   179
Dodge: Dodged            |    12 |    35 |    44 |   201 |    60 ||   352
Block: Other             |       |       |     6 |     8 |       ||    14
       Buckler           |       |       |       |    13 |    27 ||    40

Inventory:

Hand Weapons
 b - a +9 whip of flaming
Armour
 d - a +0 helmet
 e - a +0 leather armour (worn)
 h - a +1 cloak (worn)
 j - a +2 pair of boots (worn)
 k - the +2 robe of Hadjma {rElec}

   It insulates you from electricity.
 l - a +0 pair of gloves (worn)
 o - a +2 hat (worn)
 x - a +0 buckler (worn)
Magical Staves
 a - an uncursed staff of power
 G - an uncursed staff of air (weapon)
Jewellery
 p - the amulet "Iggesas" (around neck) {Faith Str+5}

   [amulet of faith]

   It allows you to gain divine favour quickly.
   It affects your strength (+5).
 u - a +2 ring of evasion (left hand)
 z - the ring "Zumaw" (right hand) {rPois rCorr Dex+2}

   [ring of resist corrosion]

   It affects your dexterity (+2).
   It protects you from poison.
   It provides partial protection from all sources of acid and corrosion.
 F - an uncursed ring of flight
Wands
 q - a wand of polymorph (3)
 w - a wand of flame (15)
 A - a wand of iceblast (3)
 D - a wand of random effects (19)
Scrolls
 c - a scroll of amnesia
 f - 4 scrolls of fog
 i - 4 scrolls of immolation
 m - 3 scrolls of fear
 n - 5 scrolls of remove curse
 r - a scroll of identify
 t - 8 scrolls of teleportation
 y - a scroll of magic mapping
Miscellaneous
 g - a lamp of fire (inert)
 s - a phial of floods (inert)
 v - a lightning rod (2/4)


You were on level 12 of the Dungeon.
You worshipped Vehumet.
Vehumet was extremely pleased with you.
You were not hungry.

You visited 4 branches of the dungeon, and saw 20 of its levels.

You collected 1148 gold pieces.
You spent 821 gold pieces at shops.

Dungeon Overview and Level Annotations

Branches:
Dungeon (12/15)            Temple (1/1) D:7            Lair (6/6) D:11
  Swamp (0/4) Lair:4        Snake (0/4) Lair:4        Slime (0/5) Lair:5
    Orc (1/2) D:10

Altars:
Ashenzari
Cheibriados
Dithmenos
Elyvilon
Fedhas
Gozag
Hepliaklqana
Kikubaaqudgha
Makhleb
Nemelex Xobeh
Okawaru
Qazlal
Ru
Sif Muna
Trog
Uskayaw
Vehumet
Wu Jian
Xom
Yredelemnul
Zin
The Shining One
Jiyva

Shops:
D:9 =*?(

Portals:
Trove: D:11 (give 15 scrolls of teleportation)

Annotations:
D:11 exclusion: hornet
D:12 Rupert
Lair:2 2 transporters
Lair:6 ohad's ghost, journeyman OpTm

+......# #......# #......#
#......#
######.@....#########
#....'..#............
#....#.......#####...
#...@#.......#####...
#...@#........##.....
#....#.####..........
######....#......#........
#...##....#......#.._..#..
#...##....#......#.....###
#.....^...#......#......+
#........<#..##..#......#
######....#.. #......#
#....# ########


You could see Rupert (berserk).

Notes
Turn   | Place    | Note
-------+----------+-------------------------------------------
     0 | D:1      | theanonym the Mummy Air Elementalist began the quest for
                  | the Orb.
     0 | D:1      | Reached XP level 1. HP: 13/13 MP: 4/4
   112 | D:1      | Reached skill level 1 in Conjurations
   327 | D:1      | Reached skill level 3 in Spellcasting
   367 | D:1      | Reached XP level 2. HP: 19/19 MP: 1/6
   969 | D:2      | Learned a level 2 spell: Swiftness
  1102 | D:2      | Reached XP level 3. HP: 24/24 MP: 4/7
  1208 | D:2      | Reached skill level 3 in Air Magic
  1389 | D:2      | Found a faded altar of an unknown god.
  1556 | D:2      | Reached XP level 4. HP: 26/30 MP: 3/9
  1613 | D:2      | Learned a level 3 spell: Static Discharge
  1618 | D:2      | Learned a level 4 spell: Airstrike
  1781 | D:3      | Reached skill level 2 in Conjurations
  1783 | D:3      | Reached skill level 4 in Spellcasting
  2229 | D:3      | Reached XP level 5. HP: 35/35 MP: 3/11
  2507 | D:3      | You fall into a shaft and drop 2 floors!
  2507 | D:5      | Entered Level 5 of the Dungeon
  2525 | D:5      | Noticed a centaur
  2534 | D:5      | Noticed a necrophage
  2536 | D:5      | Killed a centaur
  2544 | D:5      | HP: 16/35 [necrophage (4)]
  2547 | D:5      | Killed a necrophage
  2547 | D:5      | Reached skill level 5 in Spellcasting
  2547 | D:5      | Reached XP level 6. HP: 19/41 MP: 0/13
  2722 | D:5      | Learned a level 5 spell: Lightning Bolt
  2743 | D:5      | Noticed Sigmund
  2758 | D:5      | HP: 18/41 [something (6)]
  2760 | D:5      | HP: 6/41 [something/magic dart (4)]
  2763 | D:5      | Killed Sigmund
  2763 | D:5      | Reached skill level 3 in Conjurations
  2763 | D:5      | Reached skill level 4 in Air Magic
  3463 | D:4      | Reached XP level 7. HP: 46/46 MP: 7/15
  3865 | D:3      | Found an ornate altar of the Wu Jian Council.
  4464 | D:4      | Reached skill level 6 in Spellcasting
  4464 | D:4      | Reached skill level 5 in Air Magic
  4880 | D:4      | HP: 23/46 [ice beast (5)]
  4923 | D:3      | HP: 16/46 [ice beast (4)]
  4925 | D:3      | HP: 5/46 [ice beast (3)]
  4927 | D:3      | HP: 1/46 [ice beast (2)]
  5587 | D:3      | Reached skill level 4 in Conjurations
  5587 | D:3      | Reached XP level 8. HP: 52/52 MP: 12/17
  6250 | D:6      | Reached skill level 6 in Air Magic
  6456 | D:6      | Noticed Grinder
  6530 | D:6      | Killed Grinder
  6530 | D:6      | Reached skill level 7 in Spellcasting
  6656 | D:6      | Found a hazy altar of Hepliaklqana.
  6673 | D:6      | Found a sacrificial altar of Ru.
  6692 | D:6      | Found a burning altar of Makhleb.
  7056 | D:6      | Found a basalt altar of Yredelemnul.
  7232 | D:7      | Found a staircase to the Ecumenical Temple.
  7239 | Temple   | Entered the Ecumenical Temple
  7375 | Temple   | Became a worshipper of Vehumet
  7451 | D:7      | Reached skill level 5 in Conjurations
  7451 | D:7      | Reached skill level 7 in Air Magic
  7523 | D:7      | Reached XP level 9. HP: 55/57 MP: 18/20
  7765 | D:7      | Noticed Menkaure
  7769 | D:7      | Killed Menkaure
  7769 | D:7      | Reached skill level 8 in Spellcasting
  8113 | D:7      | theanonym: ??airstrike
  8113 | D:7      | beem: airstrike[1/3]: A single target attack spell; uses
                  | smite targeting, so it can hit any monster you can see. It
                  | checks AC and does half again as much damage to flying or
                  | levitating monsters. Spell level 4. 8 + 1d(2 + (Power)/7)
                  | damage.
  8113 | D:7      | theanonym: ??shock
  8113 | D:7      | beem: shock[1/1]: Level 1 conjuration/air spell which fires
                  | a weak bolt of lightning. It's still lightning though -
                  | prepare for {bolt bouncing} (and exploit it, if possible)
                  | To-hit: 8+power/7.
  8984 | D:8      | Found a shattered altar of Ashenzari.
  9122 | D:8      | Reached skill level 8 in Air Magic
  9503 | D:9      | Found a hazy altar of Hepliaklqana.
  9503 | D:9      | Noticed a gargoyle
  9505 | D:9      | Killed a gargoyle
  9505 | D:9      | Reached * piety under Vehumet
  9505 | D:9      | Offered knowledge of Magic Dart by Vehumet.
  9505 | D:9      | Reached skill level 9 in Spellcasting
  9505 | D:9      | Reached skill level 6 in Conjurations
  9542 | D:9      | Found Varghehey's Weapon Shop.
  9711 | D:9      | Reached XP level 10. HP: 45/63 MP: 23/23
  9843 | D:9      | Noticed a deep elf mage
 10066 | D:8      | HP: 30/63 [/static electricity (2)]
 10309 | D:9      | HP: 21/63 [ogre/+0 giant club (19)]
 10318 | D:8      | HP: 21/63 [jackal (2)]
 10325 | D:8      | HP: 19/63 [jackal (3)]
 10340 | D:8      | HP: 21/63 [jackal (1)]
 10560 | D:8      | Reached skill level 10 in Spellcasting
 10609 | D:9      | Offered knowledge of Sandblast by Vehumet.
 10626 | D:9      | Reached ** piety under Vehumet
 10779 | D:9      | Reached skill level 7 in Conjurations
 10779 | D:9      | Reached skill level 9 in Air Magic
 10978 | D:9      | Reached skill level 1 in Fighting
 11133 | D:9      | Found a white marble altar of Elyvilon.
 11342 | D:9      | Found Foasha's Assorted Antiques.
 11348 | D:9      | Found Juarux's Jewellery Boutique.
 11353 | D:9      | Bought an ancient robe for 176 gold pieces
 11363 | D:9      | Identified the +2 robe of Hadjma {rElec} (You bought it in
                  | a shop on level 9 of the Dungeon)
 11425 | D:9      | Reached skill level 2 in Fighting
 11448 | D:9      | Identified the amulet "Iggesas" {Faith Str+5}
 11638 | D:9      | Found Vuge's Magic Scroll Boutique.
 11646 | D:9      | Bought a scroll of magic mapping for 38 gold pieces
 11646 | D:9      | Bought a scroll of blinking for 82 gold pieces
 11763 | D:9      | Noticed a cyclops
 11768 | D:9      | Killed a cyclops
 11768 | D:9      | Reached skill level 3 in Fighting
 11944 | D:9      | Identified the Papyrus of the Frostbite and Stones
 11957 | D:9      | Killed a deep elf mage
 12080 | D:9      | Noticed a two-headed ogre
 12137 | D:8      | HP: 26/71 [two-headed ogre/+0 giant club (19)]
 12401 | D:8      | Found a shattered altar of Ashenzari.
 12757 | D:8      | Killed a two-headed ogre
 12757 | D:8      | Offered knowledge of Dazzling Spray by Vehumet.
 12757 | D:8      | Reached skill level 4 in Fighting
 12757 | D:8      | Reached skill level 1 in Armour
 12757 | D:8      | Reached XP level 11. HP: 77/77 MP: 16/25
 13222 | D:9      | Reached skill level 8 in Conjurations
 13234 | D:9      | Reached *** piety under Vehumet
 13248 | D:9      | HP: 39/78 [yak (11)]
 13484 | D:9      | Found the +8 glaive of the Guard {elec, +Rage AC+5 SInv}
 13693 | D:10     | Entered Level 10 of the Dungeon
 13802 | D:10     | Reached skill level 2 in Armour
 13929 | D:10     | Found a staircase to the Orcish Mines.
 14188 | D:10     | Offered knowledge of Throw Icicle by Vehumet.
 14495 | Orc:1    | Entered Level 1 of the Orcish Mines
 14495 | Orc:1    | Noticed Nergalle
 14515 | D:10     | Killed Nergalle
 14813 | Orc:1    | Reached skill level 10 in Air Magic
 14821 | D:10     | Reached skill level 5 in Fighting
 14962 | Orc:1    | Noticed an orc high priest
 14963 | Orc:1    | HP: 30/79 [orc priest/divine providence[an orc high priest]
                  | (12)]
 14970 | D:10     | HP: 27/79 [orc high priest/+0 mace (2)]
 14974 | D:10     | Killed an orc high priest
 15374 | D:11     | HP: 38/80 [orc warrior/+0 halberd (14)]
 15684 | D:11     | Reached skill level 3 in Armour
 16234 | D:10     | Reached **** piety under Vehumet
 16256 | D:10     | Learned a level 1 spell: Apportation
 16261 | D:10     | Learned a level 4 spell: Throw Icicle
 16268 | D:10     | Learned a level 6 spell: Bolt of Cold
 16493 | D:11     | Reached skill level 6 in Fighting
 16493 | D:11     | Reached skill level 1 in Ice Magic
 16703 | D:11     | Offered knowledge of Olgreb's Toxic Radiance by Vehumet.
 16762 | D:11     | Learned a level 4 spell: Olgreb's Toxic Radiance
 17182 | D:11     | Found a staircase to the Lair.
 17206 | D:11     | Reached skill level 2 in Ice Magic
 17306 | D:11     | Got a crystal trident
 17327 | D:11     | Reached skill level 4 in Armour
 17638 | D:11     | Noticed a red ugly thing
 17643 | D:11     | HP: 41/82 [red ugly thing (34)]
 17659 | D:11     | Killed a red ugly thing
 17659 | D:11     | Reached skill level 1 in Shields
 17860 | D:11     | Reached XP level 12. HP: 77/89 MP: 26/26
 17895 | D:11     | Identified the ring "Zumaw" {rPois rCorr Dex+2}
 17970 | D:9      | Bought a scroll of identify for 22 gold pieces
 17970 | D:9      | Identified the +5 trident of the Weasel {flame, +Fly rN+}
                  | (You found it on level 11 of the Dungeon)
 18032 | Lair:1   | Entered Level 1 of the Lair of Beasts
 18188 | Lair:1   | Reached skill level 2 in Shields
 18188 | Lair:1   | Reached skill level 9 in Conjurations
 18488 | Lair:1   | HP: 44/89 [yak (6)]
 18518 | D:11     | Reached skill level 3 in Ice Magic
 18949 | Lair:1   | Noticed Harold
 18970 | Lair:1   | Reached skill level 3 in Shields
 18971 | Lair:1   | HP: 44/89 [porcupine (5)]
 18972 | Lair:1   | Killed Harold
 18972 | Lair:1   | Reached ***** piety under Vehumet
 18975 | Lair:1   | HP: 18/89 [porcupine (10)]
 18977 | Lair:1   | Offered knowledge of Conjure Ball Lightning by Vehumet.
 19616 | Lair:1   | Reached skill level 7 in Fighting
 20606 | Lair:2   | Found a transporter.
 20774 | Lair:2   | Reached skill level 4 in Shields
 20961 | Lair:2   | Found a transporter.
 21125 | Lair:2   | You fall into a shaft and drop 1 floor!
 21131 | Lair:3   | Reached skill level 4 in Ice Magic
 22167 | Lair:3   | Noticed a five-headed hydra
 22171 | Lair:3   | Killed a five-headed hydra
 22171 | Lair:3   | Reached skill level 8 in Fighting
 22782 | Lair:4   | Noticed a five-headed hydra
 22816 | Lair:4   | Killed a five-headed hydra
 22816 | Lair:4   | Reached skill level 5 in Ice Magic
 23352 | Lair:4   | Reached skill level 10 in Conjurations
 23538 | Lair:4   | Gained mutation: You are in touch with the powers of death.
                  | [Mummy growth]
 23538 | Lair:4   | Reached XP level 13. HP: 93/99 MP: 17/27
 23639 | Lair:4   | Found a staircase to the Snake Pit.
 23906 | Lair:4   | HP: 39/99 [komodo dragon (27)]
 23912 | Lair:4   | HP: 33/99 [komodo dragon (8)]
 25209 | Lair:4   | Reached skill level 9 in Fighting
 25214 | Lair:4   | Reached skill level 6 in Ice Magic
 26130 | Lair:4   | You fall into a shaft and drop 1 floor!
 26404 | Lair:5   | Reached skill level 7 in Ice Magic
 26809 | Lair:4   | Found a staircase to the Swamp.
 26876 | Lair:5   | Offered knowledge of Orb of Destruction by Vehumet.
 26876 | Lair:5   | Reached skill level 10 in Fighting
 26877 | Lair:5   | HP: 50/103 [elephant (14)]
 27094 | Lair:5   | Identified the +2 robe of the Elephant {rPois rN+ Str+5}
                  | (You found it on level 5 of the Lair of Beasts)
 27475 | Lair:5   | Reached skill level 1 in Poison Magic
 27640 | Lair:5   | Found a viscous altar of Jiyva.
 27641 | Lair:5   | Found a staircase to the Slime Pits.
 28036 | Lair:6   | Entered Level 6 of the Lair of Beasts
 28040 | Lair:6   | Reached skill level 11 in Spellcasting
 28040 | Lair:6   | Reached skill level 8 in Ice Magic
 29451 | Lair:6   | Found a runed translucent gate.
 29451 | Lair:6   | Found a runed translucent gate.
 29451 | Lair:6   | Found a runed translucent gate.
 29578 | Lair:6   | Reached skill level 2 in Poison Magic
 29706 | Lair:6   | Noticed ohad's ghost (journeyman OpTm)
 29709 | Lair:6   | HP: 40/103 [four-headed hydra simulacrum (18)]
 29733 | Lair:6   | HP: 43/103 [black mamba simulacrum (4)]
 29750 | Lair:6   | HP: 26/103 [black mamba simulacrum (3)]
 30365 | D:9      | Bought a leatherbound book for 465 gold pieces
 30374 | D:9      | Learned a level 6 spell: Ozocubu's Refrigeration
 30408 | D:9      | Bought a scroll of magic mapping for 38 gold pieces
 30689 | D:11     | Found a portal to a secret trove of treasure.
 30834 | D:12     | Noticed Rupert
 30849 | D:12     | Paralysed by Rupert for 4 turns
 30852 | D:12     | HP: 50/103 [Rupert/+2 great mace of protection (41)]
 31230 | D:12     | Found a blossoming altar of Fedhas.
 31358 | D:11     | Reached XP level 14. HP: 97/110 MP: 2/29
 31541 | D:12     | Paralysed by Rupert for 5 turns
 31550 | D:12     | HP: 38/110 [Rupert/+2 great mace of protection (22)]
 31552 | D:12     | Slain by Rupert

Vanquished Creatures
  Harold (Lair:1)
  5 hydras
  A two-headed ogre (D:8)
  3 death yaks (Lair:5)
  Nergalle (D:10)
  A deep elf mage (D:9)
  A manticore (D:11)
  2 cyclopes
  An ugly thing (D:11)
  2 black mambas (Lair:4)
  An oklob plant (Lair:3)
  8 elephants
  A gargoyle (D:9)
  9 spiny frogs
  A rime drake (Lair:3)
  8 komodo dragons
  A troll (D:9)
  2 polar bears (Lair:6)
  2 tyrant leeches (Lair:4)
  Grinder (D:6)
  A queen bee (D:9)
  4 blink frogs (Lair:4)
  4 slime creatures
  5 hippogriffs
  4 dream sheep (Lair:6)
  Sigmund (D:5)
  A water elemental (D:11)
  A wraith (D:8)
  4 wyverns
  2 basilisks
  43 yaks
  4 hungry ghosts
  A steam dragon (Lair:4)
  A warg (Orc:1)
  Menkaure (D:7)
  4 swamp worms (Lair:4)
  2 soldier ants
  21 water moccasins
  15 porcupines
  8 orc warriors
  3 swamp drakes (Lair:4)
  2 black bears
  2 ice beasts
  6 sky beasts
  A black mamba simulacrum (Lair:6)
  A phantom (D:4)
  3 necrophages
  10 ogres
  4 centaurs
  11 crocodiles
  5 wolves (Lair:6)
  15 bullfrogs
  3 scorpions (D:9)
  2 water moccasin skeletons
  14 killer bees
  9 electric eels
  4 wights
  4 howler monkeys
  5 crimson imps
  5 hounds
  4 jellies
  11 orc priests
  7 orc wizards
  2 bullfrog skeletons
  2 centaur skeletons
  5 iguanas
  12 worker ants
  A hound zombie (D:10)
  A hound skeleton (D:11)
  A howler monkey zombie (D:10)
  3 gnolls (D:2)
  21 adders
  A howler monkey skeleton (D:11)
  2 oozes (D:3)
  An adder skeleton (D:6)
  A dart slug (D:1)
  6 leopard geckos
  57 orcs
  3 ball pythons
  2 giant cockroaches
  5 hobgoblins
  8 jackals
  6 quokkas
  A ball python skeleton (D:4)
  4 bats (D:1)
  4 frilled lizards
  6 goblins
  A jackal zombie (D:7)
  8 kobolds
  A leopard gecko skeleton (D:4)
  A leopard gecko zombie (D:6)
  2 rats
  3 fungi (Lair:5)
  A plant (Lair:4)
482 creatures vanquished.

Vanquished Creatures (collateral kills)
  A death yak (Lair:5)
  An orc high priest (D:10)
  A basilisk (Lair:5)
3 creatures vanquished.

Vanquished Creatures (others)
  2 bushes (Lair:6)
  29 fungi
  10 plants
41 creatures vanquished.

Grand Total: 526 creatures vanquished

Table legend:
 A = Turns spent in this place as a percentage of turns spent in the entire game.
 B = Non-inter-level travel turns spent in this place as a percentage of non-inter-level travel turns spent in the entire game.
 C = Inter-level travel turns spent in this place as a percentage of turns spent in this place.
 D = Turns resting spent in this place as a percentage of non-inter-level travel turns spent in this place.
 E = Turns spent auto-exploring this place as a percentage of non-inter-level travel turns spent in this place.
 F = Non-inter-level travel turns spent in this place divided by the number of levels of this place that you've seen.
                   A       B       C       D       E      F
               +-------+-------+-------+-------+-------+----------------------
         Total | 100.0 | 100.0 |   4.6 |  54.5 |  34.6 | 1505.6
       Dungeon |  62.3 |  62.5 |   4.3 |  54.1 |  34.4 | 1568.1
        Temple |   0.5 |   0.4 |  15.0 |   0.0 |  97.6 | 125.0
          Lair |  37.2 |  37.0 |   4.9 |  56.0 |  34.3 | 1858.0
  Orcish Mines |   0.1 |   0.1 |   0.0 |   0.0 |   0.0 |  21.0
               +-------+-------+-------+-------+-------+----------------------
